Map: Abyssal Reef LE

Players

VampyWorm

  • Race: Protoss Protoss
  • League: Master
  • Spawn Location: 5:00

McMonMEMEroe - Winner!

  • Race: Zerg Zerg
  • League: Master
  • Spawn Location: 11:00

VOD

https://go.twitch.tv/videos/186074637

Description

Time

  • Played on: Oct. 28, 2017, 12:29 p.m.
  • Length: 10:09
Show
View Real Time Build Order
Export as new Build Order

VampyWorm Protoss 

Build Orders: Zealot Archon, Dark Templar Rush 

Get SALT Encoding   

  12  0:01  Probe (Chrono Boost)  
  13  0:11  Probe (Chrono Boost)  
  14  0:19  Pylon  
  14  0:22  Probe (Chrono Boost)  
  15  0:37  Probe (Chrono Boost)  
  16  0:48  Probe (Chrono Boost)  
  17  1:06  Nexus  
  17  1:12  Gateway  
  17  1:17  Assimilator  
  17  1:20  Probe (Chrono Boost)  
  18  1:30  Gateway  
  18  1:35  Assimilator  
  18  1:39  Probe (Chrono Boost)  
  19  1:49  Probe (Chrono Boost)  
  20  1:59  Cybernetics Core  
  20  2:01  Probe (Chrono Boost)  
  21  2:11  Probe (Chrono Boost)  
  22  2:18  Probe (Chrono Boost)  
  22  2:22  Probe (Chrono Boost)  
  24  2:28  Probe (Chrono Boost)  
  24  2:32  Probe (Chrono Boost)  
  24  2:36  Warp Gate (Chrono Boost)  
  25  2:37  Adept (Chrono Boost)  
  25  2:38  Adept (Chrono Boost)  
  25  2:43  Mothership Core  
  31  2:48  Pylon  
  31  3:01  Adept (Chrono Boost)  
  31  3:02  Adept (Chrono Boost)  
  35  3:08  Probe  
  36  3:13  Twilight Council  
  37  3:25  Robotics Facility, Probe  
  37  3:38  Probe  
  37  3:44  Gateway  
  37  3:47  Gateway  
  34  3:54  Dark Shrine  
  34  4:01  Probe (Chrono Boost)  
  36  4:03  Probe (Chrono Boost)  
  36  4:04  Assimilator  
  36  4:12  Probe (Chrono Boost)  
  36  4:15  Probe (Chrono Boost)  
  36  4:22  Probe (Chrono Boost)  
  34  4:27  Probe (Chrono Boost)  
  35  4:32  Probe (Chrono Boost)  
  35  4:37  Probe (Chrono Boost)  
  37  4:38  Gateway  
  37  4:39  Warp Prism (Chrono Boost)  
  37  4:42  Probe  
  40  4:47  Gateway  
  40  4:49  Probe  
  40  4:52  Pylon, Probe  
  41  4:57  Adept  
  44  5:01  Probe  
  44  5:03  Probe  
  46  5:11  Pylon  
  46  5:13  Probe x2  
  47  5:19  Observer (Chrono Boost)  
  49  5:24  Assimilator  
  51  5:34  Dark Templar x3  
  51  5:35  Dark Templar  
  57  5:38  Pylon  
  57  5:39  Archon x2  
  57  5:41  Probe  
  57  5:42  Probe  
  59  5:50  Forge  
  59  5:52  Probe  
  59  5:53  Probe  
  61  6:00  Nexus  
  61  6:03  Probe  
  61  6:06  Probe  
  63  6:19  Warp Prism (Chrono Boost)  
  66  6:25  Dark Templar x2  
  66  6:26  Pylon  
  66  6:28  Protoss Ground Weapons Level 1  
  66  6:29  Pylon, Charge  
  69  6:51  Dark Templar x3  
  74  7:02  Observer (Chrono Boost)  
  74  7:07  Probe  
  76  7:10  Probe  
  76  7:12  Zealot x2, Probe  
  82  7:20  Probe x2  
  84  7:22  Gateway  
  84  7:23  Probe  
  84  7:26  Pylon  
  85  7:31  Probe  
  85  7:32  Probe  
  85  7:34  Probe  
  88  7:41  Probe  
  89  7:48  Dark Templar x2  
  89  7:49  Zealot x3  
  103  7:51  Immortal (Chrono Boost), Archon, Probe  
  103  7:53  Archon  
  103  7:54  Probe  
  103  7:56  Assimilator x2  
  105  8:01  Probe  
  105  8:09  Zealot x2  
  109  8:15  Probe  
  109  8:16  Pylon x2  
  109  8:19  Pylon  
  104  8:20  Pylon, Probe  
  104  8:23  Gateway x2  
  104  8:24  Immortal (Chrono Boost)  
  104  8:25  Gateway  
  110  8:34  Probe  
  110  8:35  Dark Templar x2  
  110  8:36  Dark Templar x2  
  110  8:38  Zealot  
  110  8:39  Archon  
  110  8:40  Archon  
  120  8:44  Probe  
  115  8:49  Probe  
  115  8:52  Pylon  
  115  8:53  Probe  
  106  8:56  Probe  
  106  9:01  Probe  
  108  9:03  Immortal  
  108  9:04  Probe  
  108  9:08  Probe  
  114  9:11  Dark Templar  
  114  9:14  Probe x2  
  118  9:20  Probe  
  110  9:25  Probe  
  110  9:27  Probe  
  110  9:29  Dark Templar  
  111  9:32  Zealot x2  
  111  9:34  Archon  
  111  9:35  Probe  
  111  9:36  Probe  
  117  9:39  Probe  
  116  9:46  Probe  
  116  9:47  Probe  
  116  9:50  Zealot x2  
  116  9:51  Probe  
  111  9:53  Zealot  
Show
View Real Time Build Order
Export as new Build Order

McMonMEMEroe Zerg - Winner!

Build Orders: Hatch First 

Get SALT Encoding   

  12  0:01  Drone  
  13  0:12  Overlord  
  13  0:16  Drone  
  14  0:30  Drone  
  15  0:45  Hatchery  
  15  0:48  Drone  
  15  0:52  Drone  
  15  0:56  Drone  
  17  1:01  Drone  
  18  1:11  Extractor  
  17  1:16  Spawning Pool  
  16  1:18  Drone  
  16  1:22  Drone  
  18  1:31  Drone  
  19  1:42  Drone  
  20  1:52  Overlord  
  20  1:58  Drone  
  21  2:03  Queen x2  
  21  2:05  Zergling x2  
  21  2:08  Zergling x2  
  27  2:11  Metabolic Boost  
  27  2:15  Drone  
  28  2:21  Drone  
  29  2:26  Drone  
  29  2:29  Drone  
  31  2:43  Hatchery, Drone  
  31  2:48  Pneumatized Carapace  
  31  2:53  Overlord  
  31  2:57  Drone  
  32  2:59  Zergling x2  
  32  3:01  Zergling x2  
  32  3:03  Zergling x2  
  35  3:08  Zergling x2  
  35  3:12  Drone x2  
  38  3:14  Overlord  
  38  3:16  Drone  
  38  3:19  Drone  
  40  3:23  Drone x2  
  40  3:26  Drone  
  43  3:32  Queen  
  45  3:38  Drone x3  
  47  3:44  Drone  
  47  3:45  Drone x2  
  50  3:54  Overlord  
  50  3:55  Drone x2  
  52  3:56  Evolution Chamber  
  52  4:00  Drone x2  
  53  4:06  Queen  
  53  4:08  Queen  
  57  4:11  Overlord  
  56  4:22  Drone x7  
  60  4:30  Spore Crawler x2  
  57  4:32  Zerg Melee Weapons Level 1, Spore Crawler  
  57  4:33  Drone  
  57  4:34  Drone  
  57  4:36  Zergling x2  
  57  4:37  Zergling x2  
  60  4:41  Zergling x4  
  62  4:48  Queen x2  
  62  4:52  Zergling x6  
  69  4:58  Overlord x2  
  69  5:00  Zergling x6  
  69  5:01  Zergling x2  
  69  5:04  Zergling x2  
  69  5:06  Overlord  
  74  5:11  Overlord  
  74  5:21  Queen  
  74  5:24  Drone x8, Lair  
  74  5:28  Drone x2, Baneling Nest  
  85  5:29  Extractor  
  85  5:30  Drone  
  85  5:31  Drone  
  86  5:37  Overlord  
  86  5:49  Extractor x2  
  84  5:56  Drone x8  
  92  5:59  Zergling x10  
  95  6:08  Extractor x2  
  95  6:09  Drone x5  
  95  6:10  Drone  
  97  6:25  Hatchery, Hydralisk Den  
  96  6:28  Zergling x10  
  96  6:29  Zerg Melee Weapons Level 2  
  100  6:33  Hatchery  
  100  6:39  Overseer  
  99  6:48  Overlord  
  99  6:52  Drone x4  
  99  6:53  Drone  
  99  6:54  Centrifical Hooks  
  104  6:55  Muscular Augments  
  104  6:57  Hydralisk  
  104  6:58  Hydralisk x2  
  110  7:10  Overlord x2  
  110  7:11  Hydralisk x5  
  120  7:20  Hydralisk  
  120  7:21  Overlord x6  
  122  7:33  Spore Crawler  
  116  7:49  Overseer  
  116  7:50  Hydralisk x10  
  136  7:52  Drone x2  
  138  8:01  Drone x3  
  138  8:02  Drone x2  
  138  8:04  Drone x2  
  145  8:12  Hydralisk x7  
  147  8:18  Zergling x4  
  160  8:20  Baneling x4  
  160  8:26  Baneling x5  
  160  8:29  Overlord x2  
  160  8:30  Zergling x4  
  160  8:31  Zergling x6  
  165  8:37  Zergling x12  
  170  8:55  Baneling x7  
  168  8:58  Zergling x26  
  181  9:12  Spine Crawler, Drone x3  
  181  9:13  Spine Crawler, Zergling x16  
  181  9:15  Baneling x5  
  190  9:20  Hatchery  
  186  9:27  Baneling  
  186  9:28  Baneling x18  
  183  9:34  Zergling x18  
  183  9:37  Baneling x2  
  192  9:39  Baneling x8  
  192  9:40  Baneling  
Tags
 
Add a new tag
Caveats
  • Supply blocks, unpowered buildings, or Contaminate may cause inaccurate times.
  • Supply counts are checked every 10 seconds.